 Dungeon Crawl Stone Soup version 0.29.1-1-gd02db6906a (webtiles) character file.

Game seed: 1337558213716721060

161 Demigod47 the Covered (level 5, -4/47 HPs)
             Began as a Minotaur Fighter on Oct 17, 2022.
             Killed by nerve-wracking pain
             ... invoked by Grinder
              (10 damage)
             ... while paralysed by Grinder
             ... on level 4 of the Dungeon.
             The game lasted 00:04:31 (2904 turns).

Demigod47 the Covered (Minotaur Fighter)            Turns: 2904, Time: 00:04:31

Health: -4/47      AC: 11    Str: 22    XL:     5   Next: 19%
Magic:  4/4        EV:  2    Int:  5    God:
Gold:   253        SH:  0    Dex:  8    Spells: 4/4 levels left

rFire   + . .      SeeInvis .   a - +0 flail
rCold   . . .      Faith    .   c - +0 buckler
rNeg    . . .      Spirit   .   b - +0 scale mail
rPois   .          Reflect  .   (helmet restricted)
rElec   .          Harm     .   (no cloak)
rCorr   .          Rampage  .   e - +2 pair of gloves
Will    .....                   f - +0 pair of boots
Stlth   ..........              i - amulet of the acrobat
HPRegen 0.15/turn               t - ring of protection from fire
MPRegen 0.09/turn               (no ring)

@: paralysed, attractive
A: horns 2, retaliatory headbutt, clumsy 1
a: no special abilities


You were on level 4 of the Dungeon.
You visited 1 branch of the dungeon, and saw 4 of its levels.

You collected 253 gold pieces.

Inventory:

Hand Weapons
 a - a +0 flail (weapon)
Missiles
 j - 6 javelins (quivered)
 q - 6 silver boomerangs
Armour
 b - a +0 scale mail (worn)
 c - a +0 buckler (worn)
 e - a +2 pair of gloves (worn)
 f - a +0 pair of boots (worn)
Jewellery
 i - an amulet of the acrobat (around neck)
 t - a ring of protection from fire (left hand)
Scrolls
 g - 3 scrolls of vulnerability
 h - 3 scrolls of identify
 k - 2 scrolls of summoning
 l - 2 scrolls of butterflies
 m - a scroll of immolation {unknown}
 n - a scroll of enchant weapon {unknown}
 o - a scroll of poison {unknown}
 p - a scroll of magic mapping {unknown}
 u - a scroll of blinking {unknown}
Potions
 d - 2 potions of might
 r - 3 potions of brilliance
 v - a potion of curing {unknown}


   Skills:
 + Level 4.3 Fighting
 * Level 4.3 Maces & Flails
 + Level 4.6 Armour
 + Level 1.2 Dodging
 + Level 0.1 Stealth
 + Level 4.4 Shields


You had 4 spell levels left.
You didn't know any spells.
Your spell library was empty.

Dungeon Overview and Level Annotations

Branches:
Dungeon (4/15)
 Temple: D:4-7

Altars:
Makhleb
Ru
The Shining One

Annotations:
D:4 Grinder


Innate Abilities, Weirdness & Mutations

You have a pair of horns on your head.
You reflexively headbutt those who attack you in melee.
You are clumsy. (Dex -2)


Message History

Grinder says, "FISH!"
Grinder hits you. Grinder hits you but does no damage. Grinder gestures at you.
Pain shoots through your body!
You can move again.
You hit Grinder. Your headbutt misses Grinder.
Grinder is lightly wounded.
Grinder hits you.
You barely miss Grinder. Your headbutt misses Grinder.
Grinder is lightly wounded.
Grinder hits you but does no damage.
You sock Grinder!
Grinder is heavily wounded.
Grinder blinks!
The endoplasm closely misses you.
You barely miss the endoplasm. You headbutt the endoplasm.
You kill the endoplasm!
Grinder grins, showing sharp teeth.
Grinder zaps a wand.
The roots erupt in riotous growth!
The grasping roots grab you! The grasping roots constrict you!
You escape the roots grasp.
It was a potion of attraction.
You feel attractive to monsters. Grinder is attracted toward you.
You hit Grinder but do no damage. Your headbutt misses Grinder.
Grinder is heavily wounded.
Grinder blinks!
Grinder is attracted toward you.
You sock Grinder!
Grinder is severely wounded.
Grinder gestures at you.
You suddenly lose the ability to move!
Grinder hits you!
* * * LOW HITPOINT WARNING * * *
You writhe in agony.
* * * LOW HITPOINT WARNING * * *
Grinder hits you but does no damage. x2
Grinder gestures at you. Pain shoots through your body!
You die...

#........# #.#...
..#.......#####...#####
.....................#.
#.#.####.>.#....#....#.
#....#...#....#.####[ #
.5#.....#...##......
#.##.#..#..#...########
#....#..............[.#
#.5@...#.#########.#
....)..#...)..#### #..
..?....#.#<......# ###
.......#.####....#
.......#....#....#
....|..####.#....#
.>..... #.#....#
####### #......#
###....#


You could see Grinder.

Vanquished Creatures
  A scorpion (D:4)
  5 adders
  A shadow imp (D:4)
  2 dart slugs
  3 endoplasms
  2 giant cockroaches (D:2)
  6 goblins
  4 hobgoblins
  4 jackals (D:2)
  2 quokkas
  3 ball pythons
  4 bats
  4 frilled lizards
  5 kobolds
  3 rats
49 creatures vanquished.

Notes
Turn   | Place    | Note
-------+----------+-------------------------------------------
     0 | D:1      | Demigod47 the Minotaur Fighter began the quest for the Orb.
     0 | D:1      | Reached XP level 1. HP: 19/19 MP: 0/0
   464 | D:1      | Reached XP level 2. HP: 26/27 MP: 1/1
   833 | D:1      | Found a faded altar of an unknown god.
   989 | D:2      | Found a glowing golden altar of the Shining One.
  1051 | D:2      | Reached XP level 3. HP: 33/33 MP: 2/2
  1764 | D:2      | Gained mutation: You are clumsy. (Dex -2) [potion of
                  | mutation]
  2102 | D:3      | Reached skill level 1 in Dodging
  2223 | D:3      | Reached XP level 4. HP: 37/40 MP: 3/3
  2531 | D:4      | Noticed a scorpion
  2541 | D:4      | Killed a scorpion
  2542 | D:4      | Reached XP level 5. HP: 31/47 MP: 4/4
  2769 | D:4      | Found a sacrificial altar of Ru.
  2770 | D:4      | Found a burning altar of Makhleb.
  2884 | D:4      | Noticed Grinder
  2889 | D:4      | Paralysed by Grinder for 4 turns
  2901 | D:4      | Paralysed by Grinder for 5 turns
  2904 | D:4      | Killed from afar by Grinder

Illustrated notes

Levels and vault maps discovered:
D:1:      matt_arrival_grand_opening, layout_loops_corners,
          hellmonk_ecumenical_altar_leap_of_faith
D:2:      layout_basic, basic_altar, kennysheep_generic_room_3
D:3:      layout_loops_ring
D:4:      layout_basic, gammafunk_temple_overflow_pools, minmay_unequal,
          uniq_grinder

Skill      XL: |  1  2  3  4 |
---------------+-------------+-----
Shields        | 4 |  4.4
Maces & Flails | 3 4 |  4.3
Fighting       | 4 |  4.3
Armour         | 4 |  4.6
Dodging        | 1 |  1.2
Stealth        | |  0.1

Action                   |  1- 3 |  4- 6 || total
-------------------------+-------+-------++-------
Melee: Flail             |    98 |    27 ||   125
       Headbutt          |    12 |     4 ||    16
  Use: Scroll            |     3 |       ||     3
       Potion            |     2 |     1 ||     3
Armor: Scale mail        |    60 |    12 ||    72
Dodge: Dodged            |    74 |    12 ||    86
Block: Buckler           |    27 |     1 ||    28
